 Dungeon Crawl Stone Soup version 0.18-a0-373-gaf408bd (webtiles) character file.

207 Raultor the Skirmisher (level 5, -12/46 HPs)
             Began as a Draconian Fighter on Nov 29, 2015.
             Mangled by an ogre
             ... wielding a +0 giant club
              (16 damage)
             ... on level 4 of the Dungeon.
             The game lasted 00:08:24 (3533 turns).

Raultor the Skirmisher (Draconian Fighter)          Turns: 3533, Time: 00:08:24

Health: -12/46     AC:  5    Str: 18      XL:     5   Next: 54%
Magic:  14/14      EV: 11    Int:  7 (9)  God:
Gold:   125        SH:  9    Dex: 11      Spells: 0 memorised, 4 levels left

rFire  . . .     SeeInvis .     a - +0 trident
rCold  . . .     Clarity  .     (armour unavailable)
rNeg   . . .     SustAt   .     y - +0 shield
rPois  .         Gourm    .     (helmet restricted)
rElec  .         Spirit   .     (no cloak)
rCorr  .         Warding  .     (no gloves)
rMut   .         Stasis   .     (no boots)
MR     .....                    (no amulet)
Stlth  +.........               (no ring)
                                j - ring of magical power

@: not resistant to hostile enchantments, very unstealthy
A: unfitting armour, hooves 1, stinger 1, cold-blooded, MP-powered wands, AC +5
a: no special abilities


You were on level 4 of the Dungeon.
You were not hungry.

You visited 1 branch of the dungeon, and saw 4 of its levels.

You collected 125 gold pieces.

Inventory:

Hand Weapons
 a - a +0 trident (weapon)
 b - a +0 blowgun
Missiles
 k - 29 poisoned needles
 p - 4 exploding tomahawks (quivered)
Armour
 y - a +0 shield (worn)
Jewellery
 j - a ring of magical power (left hand)
Scrolls
 e - 2 scrolls of enchant weapon {unknown}
 g - 5 scrolls of remove curse {unknown}
 i - 2 scrolls of enchant armour {unknown}
 l - 2 scrolls of teleportation
 m - 2 scrolls of immolation {unknown}
 o - a scroll of random uselessness {unknown}
 q - a scroll of fear {unknown}
 t - 2 scrolls of identify
 u - a scroll of recharging
 x - a scroll of fog
Potions
 c - a potion of might
 C - a potion of lignification
 D - a potion of agility {unknown}
Comestibles
 d - 2 bread rations
 f - a slice of pizza
 h - 3 fruits
 n - a chunk of flesh
 v - a beef jerky
 A - 3 meat rations


   Skills:
 + Level 4.1 Fighting
 * Level 4.0 Polearms
 + Level 3.6 Dodging
 + Level 3.7 Shields


You had 4 spell levels left.
You didn't know any spells.

Dungeon Overview and Level Annotations

Branches:
Dungeon (4/15)
 Temple: D:4-7

Altars:
Makhleb
Vehumet

Annotations:
D:4 Eustachio, Pikel


Innate Abilities, Weirdness & Mutations

Your plain brown scales are hard (AC +5).
Your body does not fit into most forms of armour.
You are cold-blooded and may be slowed by cold attacks.
You have large cloven feet.
Your tail ends in a poisonous barb.
You expend magic power (3 MP) to strengthen your wands.


Message History

You tail-slap the ogre, but do no damage.
The ogre is almost dead.
You block the bat's attack. x2
The bat misses you. The ogre hits you with a giant club!
* * * LOW HITPOINT WARNING * * *
The quokka barely misses you. The bat closely misses you.
Your shield prevents you from hitting the ogre.
The ogre is almost dead.
The bat closely misses you. The bat barely misses you.
The bat closely misses you.
The quokka bites you but does no damage.
Eustachio says, "Summoning is fun!"
You block the ogre's attack. The bat barely misses you.
The quokka closely misses you.
You barely miss the ogre. Your kick misses the ogre.
Your tail-slap misses the ogre.
The ogre is almost dead.
The bat hits you but does no damage. The bat misses you.
The ogre hits you with a giant club!
You die...

#.#.#.
###################.....
..........(.........#.#.
........................
.:..................#.#.
...rb..b.........(..$.(
#....................
#.@r.r.......>.......
+...@O...............
#......##...##..##..)##..####
#......##+####..##...##..##
#......# .................+
#.....>+ .................#
#......# ...............#
......# ...............#
######....# .##..####....###
..#..#....########..####..###


You could see Eustachio, an ogre, 3 quokkas and 2 bats.

Vanquished Creatures
  A crimson imp (D:3)
  A centaur skeleton (D:4)
  A hound skeleton (D:4)
  Robin (D:2)
  5 adders
  An adder skeleton (D:4)
  A worm (D:3)
  3 giant geckos
  An orc (D:3)
  6 bats
  6 giant cockroaches
  15 hobgoblins
  4 kobolds
  A quokka (D:2)
  A ball python (D:2)
  3 giant newts
  11 goblins
  A quokka skeleton (D:4)
  6 rats
69 creatures vanquished.

Vanquished Creatures (others)
  A goblin (D:1)
1 creature vanquished.

Grand Total: 70 creatures vanquished

Notes
Turn   | Place    | Note
--------------------------------------------------------------
     0 | D:1      | Raultor the Draconian Fighter began the quest for the Orb.
     0 | D:1      | Reached XP level 1. HP: 19/19 MP: 1/1
   690 | D:2      | Reached XP level 2. HP: 26/26 MP: 2/2
   757 | D:2      | Noticed Robin
  1081 | D:2      | Killed Robin
  1081 | D:2      | Reached XP level 3. HP: 25/31 MP: 3/3
  1949 | D:3      | Reached XP level 4. HP: 16/39 MP: 4/4
  2903 | D:3      | Found a radiant altar of Vehumet.
  2904 | D:3      | Found a burning altar of Makhleb.
  2933 | D:3      | Reached XP level 5. HP: 43/46 MP: 5/5
  3010 | D:3      | Gained mutation: You have large cloven feet. [potion of mutation]
  3010 | D:3      | Gained mutation: Your tail ends in a poisonous barb. [potion of mutation]
  3010 | D:3      | Gained mutation: You expend magic power (3 MP) to strengthen your wands. [potion of mutation]
  3138 | D:4      | Noticed Pikel
  3138 | D:4      | Noticed a slave
  3138 | D:4      | Noticed a slave
  3138 | D:4      | Noticed a slave
  3345 | D:4      | Reached skill level 4 in Fighting
  3355 | D:4      | Noticed a phantom
  3506 | D:4      | Noticed an ogre
  3526 | D:4      | Noticed Eustachio
  3533 | D:4      | Mangled by an ogre

Vault maps used:
D:1:      shiori_arrival_elements
D:2:      uniq_robin
D:3:      grunt_temple_overflow_lords_of_destruction, minivault_24
D:4:      kennysheep_big_flooded_room, serial_glass, glass_columns_a,
          glass_columns_a, glass_columns_b, glass_columns_b, glass_columns_c,
          glass_columns_a, uniq_pikel, uniq_eustachio

Action                   |  1- 3 |  4- 6 || total
-------------------------+-------+-------++-------
Melee: Trident           |   131 |   129 ||   260
 Fire: Blowgun           |       |     7 ||     7
  Use: Potion            |       |     6 ||     6
       Scroll            |       |     4 ||     4
 Stab: Sleeping          |     2 |     1 ||     3
  Eat: Chunk             |     3 |     6 ||     9
